 Dungeon Crawl Stone Soup version 0.31.0-11-ge490571c62 (webtiles) character file.

Game seed: 4943635089063584440

63 Minsecho the Ducker (level 3, -2/19 HPs)
             Began as a Spriggan Monk on Jan 29, 2024.
             Slain by Terence
             ... wielding a +0 short sword
              (6 damage)
             ... on level 1 of the Dungeon.
             The game lasted 00:03:29 (1916 turns).

Minsecho the Ducker (Spriggan Monk)                 Turns: 1916, Time: 00:03:30

Health: -2/19      AC:  2    Str:  9    XL:     3   Next: 89%
Magic:  4/4        EV: 19    Int: 11    God:
Gold:   81         SH:  0    Dex: 17    Spells: 2/2 levels left

rFire   . .          .
                       - Unarmed
rCold   . . .        c - orb {light}
rNeg    . . .        a - +0 robe
rPois   .            (helmet restricted)
rElec   .            (no cloak)
rCorr   .            (gloves unavailable)
SInv    +            (boots unavailable)
Will    .....        (no amulet)
Stlth   +            (no ring)
HPRegen 0.23/turn    (no ring)
MPRegen 0.09/turn

%: no passive effects
@: glowing, very quick
A: very small, no large weapons, unfitting armour, see invisible, speed 3
a: no special abilities


You were on level 1 of the Dungeon.
You visited 1 branch of the dungeon, and saw 3 of its levels.

You collected 81 gold pieces.

Inventory:

Hand Weapons
 b - a +4 dagger
 i - a +0 lajatang
Armour
 a - a +0 robe (worn)
 c - an orb of light (worn)
Scrolls
 f - a scroll of identify {unknown}
 g - a scroll of poison {unknown}
Potions
 d - 3 potions of curing {unknown}
 h - a potion of brilliance {unknown}


   Skills:
 + Level 2.7 Fighting
 + Level 4.6 Dodging
 * Level 2.3 Stealth
 + Level 3.2 Unarmed Combat


You had 2 spell levels left.
You didn't know any spells.
Your spell library was empty.

Dungeon Overview and Level Annotations

Branches:
Dungeon (3/15)

Altars:

Annotations:
D:1 Terence
D:2 1 runed translucent door, Crazy Yiuf


Innate Abilities, Weirdness & Mutations

You are very small and have problems with some larger weapons.
You are too small for most types of armour.
You have supernaturally acute eyesight. (SInv)
You cover ground extremely quickly. (Speed+++)


Message History

There is a stone staircase leading up here.
You barely miss the giant cockroach. The giant cockroach bites you.
Terence completely misses you. The giant cockroach bites you.
Terence completely misses you.
You climb upwards.
There is a stone staircase leading down here.
You hit the giant cockroach.
The giant cockroach is almost dead.
The giant cockroach closely misses you. Terence completely misses you.
You hit the giant cockroach but do no damage.
The giant cockroach is almost dead.
The giant cockroach barely misses you.
Terence shouts, "DIE!!!"
Terence misses you. The giant cockroach bites you.
You completely miss the giant cockroach.
The giant cockroach is almost dead.
The giant cockroach bites you but does no damage.
Terence misses you.
You hit the giant cockroach but do no damage.
The giant cockroach is almost dead.
The giant cockroach barely misses you. Terence hits you with a +0 short sword.
You hit the giant cockroach but do no damage.
The giant cockroach is almost dead.
The giant cockroach bites you.
You hit the giant cockroach.
You kill the giant cockroach!
Terence completely misses you.
You see here a giant cockroach corpse.
You barely miss Terence.
Terence is moderately wounded.
Terence hits you with a +0 short sword.
You completely miss Terence.
Terence is moderately wounded.
Terence hits you with a +0 short sword.
* * * LOW HITPOINT WARNING * * *
You hit Terence but do no damage.
Terence is moderately wounded.
Terence hits you with a +0 short sword.
You die...
Terence says, "That felt goooood."

######## #######......#
#..@@.....##.#
######.#####.#.##.# ###
#..............##.#
##.####.####.#####.#.##.#
#.......###...####.#.##.#
##...†####......)....##.#
##.###.####)..####......#
#..####.# ##.## ###.####
#....##.# #.# #####.####


You could see Terence.

Vanquished Creatures
  2 adders (D:2)
  3 dart slugs
  A bat (D:2)
  3 endoplasms (D:1)
  3 giant cockroaches (D:1)
  4 goblins
  3 hobgoblins (D:2)
  3 kobolds
  3 quokkas
  4 ball pythons
  3 frilled lizards
  4 rats
36 creatures vanquished.

Notes
Turn   | Place    | Note
-------+----------+-------------------------------------------
     0 | D:1      | Minsecho the Spriggan Monk began the quest for the Orb.
     0 | D:1      | Reached XP level 1. HP: 11/11 MP: 2/2
   321 | D:1      | Reached XP level 2. HP: 15/16 MP: 3/3
   394 | D:1      | Reached skill level 1 in Stealth
  1110 | D:2      | Reached XP level 3. HP: 6/19 MP: 4/4
  1504 | D:2      | Found a runed translucent door.
  1507 | D:2      | Noticed Crazy Yiuf
  1786 | D:2      | Noticed Terence
  1916 | D:1      | Slain by Terence

Illustrated notes

Levels and vault maps discovered:
D:1:      minmay_arrival_nine_rooms, layout_loops_corners,
          chequers_serial_rivers_micro_d
D:2:      layout_rooms, minmay_puff, uniq_crazy_yiuf_cottage, uniq_terence
D:3:      layout_rooms

Skill      XL: |  1  2  3 |
---------------+----------+-----
Stealth        | 1 2 |  2.3
Unarmed Combat | 3 |  3.2
Fighting       | |  2.7
Dodging        | |  4.6

Action                     || total
---------------------------++-------
  Melee: Unarmed           ||   161
         Dagger            ||     3
  Throw: Dart              ||     2
    Use: Potion            ||     1
   Stab: Sleeping          ||     1
 Armour: Robe              ||    58
  Dodge: Dodged            ||   113
